 Dungeon Crawl Stone Soup version 0.26.1-2-gb8aa6d0cf2 (webtiles) character file.

Game seed: 15791436301467311260

486 Allula97 the Slasher (level 6, -3/48 HPs)
             Began as a Demonspawn Fighter on Feb 26, 2021.
             Was an Initiate of Ru.
             Killed by divine providence
             ... invoked by an orc priest
              (15 damage)
             ... on level 4 of the Dungeon.
             The game lasted 00:09:12 (3359 turns).

Allula97 the Slasher (Demonspawn Fighter)           Turns: 3359, Time: 00:09:13

Health: -3/48      AC: 13    Str: 18    XL:     6   Next: 89%
Magic:  6/6        EV:  6    Int: 15    God:    Ru [......]
Gold:   236        SH: 11    Dex: 19    Spells: 5/5 levels left

rFire    . . .     SeeInvis .   a - +0 long sword
rCold    . . .     Faith    .   c - +1 kite shield
rNeg     . . .     Spirit   .   k - +0 chain mail
rPois    .         Reflect  .   (no helmet)
rElec    .         Harm     .   f - +1 cloak
rCorr    .         Rampage  .   (no gloves)
Will     .....                  (no boots)
Stlth    ..........             (no amulet)
HPRegen  0.16/turn              o - +6 ring of intelligence
MPRegen  0.10/turn              r - +6 ring of dexterity

@: no status effects
A: talons 2, icy blue scales 1, spiny 1
a: Renounce Religion


You were on level 4 of the Dungeon.
You worshipped Ru.
Ru was noncommittal.
You visited 1 branch of the dungeon, and saw 4 of its levels.

You collected 236 gold pieces.

Inventory:

Hand Weapons
 a - a +0 long sword (weapon)
Armour
 c - a +1 kite shield (worn)
 f - a +1 cloak (worn)
 j - a +1 robe of fire resistance
 k - a +0 chain mail (worn)
Jewellery
 o - a +6 ring of intelligence (left hand)
 r - a +6 ring of dexterity (right hand)
Wands
 t - a wand of polymorph (5)
Scrolls
 h - 2 scrolls of enchant armour
 i - a scroll of remove curse
 l - a scroll of random uselessness {unknown}
 p - a scroll of blinking {unknown}
 q - 2 scrolls of amnesia {unknown}
Potions
 b - a potion of heal wounds {unknown}
 d - 2 potions of might
 e - 3 potions of flight
 g - 6 potions of curing
 m - a potion of cancellation
 s - a potion of attraction


   Skills:
 * Level 4.0 Fighting
 * Level 4.5 Long Blades
 * Level 3.6 Armour
 * Level 2.0 Dodging
 * Level 3.9 Shields


You had 5 spell levels left.
You didn't know any spells.
Your spell library was empty.

Dungeon Overview and Level Annotations

Branches:
Dungeon (4/15)
 Temple: D:4-7

Altars:
Dithmenos
Okawaru
Ru
Trog


Innate Abilities, Weirdness & Mutations

You have razor-sharp toenails.
You are partially covered in icy blue scales. (AC +2)
You are partially covered in sharp spines.


Message History

You hit the orc priest but do no damage.
You claw the orc priest.
The orc priest is moderately wounded.
The orc priest invokes the aid of Beogh against you.
Beogh smites you! You block the orc priest's attack.
You slash the orc priest! You claw the orc priest.
You kill the orc priest!
The orc priest mumbles some strange prayers to Beogh against you.
Beogh smites you!
You slash the orc!
You kill the orc!
The orc priest invokes the aid of Beogh against you.
Beogh smites you!
* * * LOW HITPOINT WARNING * * *
You hit the orc priest but do no damage.
You claw the orc priest, but do no damage.
The orc priest invokes the aid of Beogh against you.
Beogh smites you!
You die...

...## # ....## #>
.....# .###..#
##.###.... ..#...#
#....#...## ......#
#......... ......#
##.....o.###
......####......@...#
......##.#..##.)...##
.......#.##....)..##
..................#
.........).......##
..................#
.........##...#..##
#.............#.##
##..#..........##


You could see an orc priest.

Vanquished Creatures
  An ogre (D:4)
  Blork the orc (D:4)
  2 orc priests (D:4)
  Crazy Yiuf (D:2)
  Natasha (thrice) (D:2)
  4 adders
  3 gnolls (D:3)
  An ooze (D:2)
  2 worms
  A dart slug (D:4)
  3 leopard geckos
  11 orcs
  6 bats
  3 giant cockroaches
  19 goblins
  9 hobgoblins
  4 jackals (D:1)
  3 quokkas
  4 ball pythons
  2 frilled lizards
  5 kobolds
  11 rats
99 creatures vanquished.

Vanquished Creatures (others)
  A plant (D:1)
1 creature vanquished.

Grand Total: 100 creatures vanquished

Notes
Turn   | Place    | Note
-------+----------+-------------------------------------------
     0 | D:1      | Allula97 the Demonspawn Fighter began the quest for the
                  | Orb.
     0 | D:1      | Reached XP level 1. HP: 18/18 MP: 1/1
   247 | D:1      | Gained mutation: You have sharp toenails. [demonic
                  | ancestry]
   247 | D:1      | Reached XP level 2. HP: 24/24 MP: 2/2
  1215 | D:1      | Gained mutation: You are partially covered in icy blue
                  | scales. (AC +2) [demonic ancestry]
  1215 | D:1      | Reached XP level 3. HP: 29/29 MP: 3/3
  1496 | D:2      | Gained mutation: You are partially covered in sharp spines.
                  | [demonic ancestry]
  1496 | D:2      | Reached XP level 4. HP: 35/35 MP: 4/4
  1528 | D:2      | Noticed Natasha
  1533 | D:2      | Killed Natasha
  1534 | D:2      | Reached skill level 1 in Dodging
  1591 | D:2      | Noticed Natasha
  1597 | D:2      | Killed Natasha
  1673 | D:2      | Found an iron altar of Okawaru.
  1677 | D:2      | Found a bloodstained altar of Trog.
  1712 | D:2      | Gained mutation: You have razor-sharp toenails. [demonic
                  | ancestry]
  1712 | D:2      | Reached XP level 5. HP: 41/41 MP: 5/5
  1822 | D:2      | Found a runed translucent door.
  1823 | D:2      | Noticed Crazy Yiuf
  1867 | D:2      | Killed Crazy Yiuf
  2071 | D:2      | Noticed Natasha
  2080 | D:2      | Killed Natasha
  2348 | D:3      | Found a sacrificial altar of Ru.
  2348 | D:3      | Found a shadowy altar of Dithmenos.
  2364 | D:3      | Became a worshipper of Ru the Awakened
  2711 | D:3      | Reached XP level 6. HP: 48/48 MP: 6/6
  3191 | D:4      | Noticed Blork the orc
  3205 | D:4      | Killed Blork the orc
  3310 | D:4      | Identified the cursed +0 scale mail of Charity {rElec rF-
                  | Regen+ Dex-4}
  3310 | D:4      | Identified the +3 buckler of Weak Salvation {rN+++ Int-5
                  | Dex+7 Stlth-}
  3359 | D:4      | Killed from afar by an orc priest

Illustrated notes

Levels and vault maps discovered:
D:1:      tarquinn_simple_flora_water_c, layout_basic, st_stairs_6,
          serial_bayou_lake_a
D:2:      layout_loops_ring, nicolae_overflow_hidden_temple,
          corexii_leaking_fountain, uniq_natasha, uniq_crazy_yiuf_cottage
D:3:      layout_basic, gammafunk_temple_overflow_pools
D:4:      layout_cave_pools, gammafunk_ghost_gnarly_gnolls, uniq_blork_the_orc,
          uniq_menkaure

Skill      XL: |  1  2  3  4  5  6 |
---------------+-------------------+-----
Long Blades    | 2 3 4 |  4.5
Armour         | 3 |  3.6
Shields        | 3 |  3.9
Dodging        | 1 2 |  2.0
Fighting       | 4 |  4.0

Action                   |  1- 3 |  4- 6 || total
-------------------------+-------+-------++-------
Melee: Long sword        |    95 |    96 ||   191
       Kick              |    23 |    31 ||    54
  Use: Scroll            |       |     6 ||     6
Armor: Scale mail        |    39 |       ||    39
       Chain mail        |    41 |    47 ||    88
Dodge: Dodged            |    27 |    24 ||    51
Block: Kite shield       |    45 |    46 ||    91
       Rpst.: Long sword |     8 |     6 ||    14
